 Dungeon Crawl Stone Soup version 0.30-a0-385-gfebfb9b408 (webtiles) character file.

Game seed: 11137712627850910538

3448 retardedninja the Cleaver (level 10, -7/91 HPs)
             Began as a Hill Orc Fighter on Dec 2, 2022.
             Killed from afar by an electric eel (10 damage)
             ... with a bolt of electricity
             ... on level 7 of the Dungeon.
             The game lasted 00:10:09 (7988 turns).

retardedninja the Cleaver (Hill Orc Fighter)        Turns: 7988, Time: 00:10:09

Health: -7/91      AC: 17    Str: 24    XL:     10   Next: 6%
Magic:  10/10      EV:  7    Int:  8    God:
Gold:   425        SH:  5    Dex: 10    Spells: 9/9 levels left

rFire   . . .      SeeInvis .    a - +1 war axe
rCold   . . .      Faith    .    c - +0 buckler
rNeg    . . .      Spirit   .    q - +1 plate armour
rPois   .          Reflect  .    (no helmet)
rElec   .          Harm     .    k - +0 cloak
rCorr   .          Rampage  .    s - +0 pair of gloves
Will    .....                    (no boots)
Stlth   ..........               (no amulet)
HPRegen 0.35/turn                (no ring)
MPRegen 0.12/turn                (no ring)

@: no status effects
A: no striking features
a: no special abilities


You were on level 7 of the Dungeon.
You visited 1 branch of the dungeon, and saw 7 of its levels.

You collected 425 gold pieces.

Inventory:

Hand Weapons
 a - a +1 war axe (weapon)
Missiles
 i - a throwing net
 t - 4 javelins (quivered)
Armour
 c - a +0 buckler (worn)
 k - a +0 cloak (worn)
 q - a +1 plate armour (worn)
 s - a +0 pair of gloves (worn)
Jewellery
 u - a +6 ring of strength
Wands
 f - a wand of flame (9)
 o - a wand of quicksilver (22)
 r - a wand of roots (16)
Scrolls
 b - a scroll of immolation
 l - a scroll of identify
Potions
 d - a potion of mutation {unknown}
 e - a potion of curing
 g - 2 potions of lignification
 h - a potion of degeneration
 j - a potion of ambrosia
 n - a potion of resistance {unknown}
 p - 2 potions of berserk rage {unknown}


   Skills:
 + Level 9.2 Fighting
 + Level 9.5 Axes
 + Level 8.3 Armour
 + Level 8.4 Shields


You had 9 spell levels left.
You didn't know any spells.
Your spell library contained the following spells:

 Spells                   Type           Power      Damage    Failure   Level
 Magic Dart               Conj           0%         1d3       100%        1
 Call Imp                 Summ           0%         N/A       100%        2
 Cigotuvi's Dreadful Rot  Necr/Pois/Air  0%         N/A       100%        2
 Poisonous Vapours        Pois/Air       0%         N/A       100%        2
 Sublimation of Blood     Necr           0%         N/A       100%        2
 Wereblood                Tmut           0%         N/A       100%        2
 Mephitic Cloud           Conj/Pois/Air  0%         N/A       100%        3
 Summon Hydra             Summ           0%         N/A       100%        7


Dungeon Overview and Level Annotations

Branches:
Dungeon (7/15)             Temple (0/1) D:7

Altars:
Vehumet
Wu Jian
Xom
Yredelemnul

Shops:
D:1 (


Message History

a +0 spear; an iguana corpse You barely miss the electric eel.
You slash the electric eel!
The electric eel shoots out a bolt of lightning at you!
The bolt of electricity hits you! x2
* * * LOW HITPOINT WARNING * * *
The bolt of electricity hits the electric eel.
The electric eel completely resists.
The electric eel shoots out a bolt of lightning at you!
The bolt of electricity hits you.
* * * LOW HITPOINT WARNING * * *
You feel much better.
The electric eel shoots out a bolt of lightning at you!
The bolt of electricity hits you.
Okay, then.
You closely miss the electric eel.
The electric eel is severely wounded.
You slash the electric eel!
The electric eel shoots out a bolt of lightning at you!
The bolt of electricity hits you. The bolt of electricity hits you!
The bolt of electricity hits the electric eel.
The electric eel completely resists.
You closely miss the electric eel.
The electric eel is severely wounded.
You miss the electric eel.
The electric eel shoots out a bolt of lightning at you!
The bolt of electricity hits you!
* * * LOW HITPOINT WARNING * * *
The bolt of electricity hits you!
* * * LOW HITPOINT WARNING * * *
The bolt of electricity hits the electric eel.
The electric eel completely resists.
The electric eel shoots out a bolt of lightning at you!
The bolt of electricity hits you!
* * * LOW HITPOINT WARNING * * *
You feel better.
The electric eel shoots out a bolt of lightning at you!
The bolt of electricity hits you!
* * * LOW HITPOINT WARNING * * *
The bolt of electricity hits you!
You die...

.##.##.##.##.........##.# #.....#
...............########'#*#.###..
..#.##.##.###### *#...##.*#.# ###
.>..##.##.# *#..~..##*#.#
...###.##.# ##..~~~..***,*
##.**#.##.# ##..~~~~~.,**,*
,..,,..##.# #..~~~~~~~,,*,*****
.......##.# #.S~~~~~~~~,,,**,,,
.......##.#####)@S~~~~~~,,*,*****
**,#...........#..~~~~~.,**,*
*,#...#######.##..~~~..***,*****
*,#..,.........##..~..#*,,,,,,,,
*,#.,*#######.##*#...##**,,*****
**,#,,* #.# *##...**,,* ,,,,,,*
#.# ****...**,,***** **,**,*
#.#**,,,,..,,,,,,,,,
**,**,*******#..,,,,,,*****,*****


You could see 2 electric eels.

Vanquished Creatures
  Pikel (D:4)
  Duvessa (D:4)
  A water moccasin (D:6)
  3 ice beasts
  2 orc warriors
  2 black bears
  A sky beast (D:7)
  3 ogres
  A centaur (D:7)
  4 lemures (D:4)
  3 phantoms
  A kobold brigand (D:7)
  3 necrophages
  Blork the orc (D:4)
  A gnoll sergeant (D:7)
  2 scorpions (D:4)
  3 wights (D:6)
  Dowan (D:4)
  5 howler monkeys
  5 hounds
  A jelly (D:6)
  Crazy Yiuf (D:4)
  3 orc priests
  An iguana (D:7)
  An orc wizard (D:6)
  7 gnolls
  3 adders
  2 shadow imps
  A worm (D:4)
  2 dart slugs
  27 orcs
  11 ball pythons
  8 endoplasms
  A giant cockroach (D:2)
  12 goblins
  7 hobgoblins
  10 jackals
  8 kobolds
  3 quokkas
  5 bats
  3 frilled lizards (D:1)
  6 rats
167 creatures vanquished.

Vanquished Creatures (others)
  A goblin (D:7)
  A bush (D:7)
2 creatures vanquished.

Grand Total: 169 creatures vanquished

Notes
Turn   | Place    | Note
-------+----------+-------------------------------------------
     0 | D:1      | retardedninja the Hill Orc Fighter began the quest for the
                  | Orb.
     0 | D:1      | Reached XP level 1. HP: 19/19 MP: 1/1
    61 | D:1      | Reached XP level 2. HP: 27/27 MP: 2/2
   302 | D:1      | Found Kuan's Antique Weapon Shop.
   321 | D:1      | Reached XP level 3. HP: 32/33 MP: 3/3
  1019 | D:2      | Reached XP level 4. HP: 40/40 MP: 4/4
  1629 | D:3      | You fall into a shaft and drop 2 floors!
  1629 | D:5      | Entered Level 5 of the Dungeon
  1656 | D:5      | Noticed a phantom
  1667 | D:5      | Killed a phantom
  1668 | D:5      | Reached XP level 5. HP: 35/47 MP: 5/5
  1906 | D:4      | Noticed Duvessa
  1906 | D:4      | Noticed Dowan
  1907 | D:4      | Noticed a lemure
  1907 | D:4      | Noticed a lemure
  1911 | D:4      | Noticed Pikel
  3002 | D:4      | Noticed a lemure
  3004 | D:4      | Noticed an ice beast
  3004 | D:4      | Noticed a lemure
  3013 | D:4      | Killed a lemure
  3016 | D:4      | Killed a lemure
  3018 | D:4      | Killed a lemure
  3021 | D:4      | Killed Pikel
  3021 | D:4      | Killed a lemure
  3022 | D:4      | Reached skill level 5 in Fighting
  3022 | D:4      | Reached skill level 5 in Axes
  3022 | D:4      | Reached skill level 5 in Armour
  3022 | D:4      | Reached skill level 5 in Shields
  3022 | D:4      | Reached XP level 6. HP: 29/57 MP: 6/6
  3022 | D:4      | Reached XP level 7. HP: 32/62 MP: 7/7
  3051 | D:4      | Noticed Blork the orc
  3060 | D:4      | Killed Blork the orc
  3061 | D:4      | Reached XP level 8. HP: 37/70 MP: 8/8
  3248 | D:4      | Killed Duvessa
  3251 | D:4      | Found a basalt altar of Yredelemnul.
  3259 | D:4      | Killed Dowan
  3654 | D:4      | Found a runed translucent door.
  3655 | D:4      | Noticed Crazy Yiuf
  3727 | D:4      | Found a radiant altar of Vehumet.
  3897 | D:4      | Killed Crazy Yiuf
  4681 | D:5      | Reached XP level 9. HP: 74/79 MP: 9/9
  5026 | D:6      | Found a shimmering altar of Xom.
  6664 | D:7      | Found an ornate altar of the Wu Jian Council.
  7564 | D:7      | Reached XP level 10. HP: 86/91 MP: 10/10
  7988 | D:7      | HP: 3/91 [electric eel/bolt of electricity (12)]
  7988 | D:7      | Killed from afar by an electric eel

Illustrated notes

Levels and vault maps discovered:
D:1:      evilmike_arrival_plus, layout_loops_ring, serial_shops, shop
D:2:      layout_loops_cross
D:3:      layout_rooms, hangedman_abyss_or_decor_stabs
D:4:      layout_cave_pools, yredelemnul_altar_generic, st_stairs_7,
          minmay_ruined_shrine, uniq_crazy_yiuf_cottage, uniq_pikel,
          uniq_blork_the_orc, uniq_duvessa
D:5:      black_bear_nest_2, layout_basic
D:6:      layout_basic, amcnicky_altar_gilded
D:7:      layout_basic, pdpol_wu_jian_five_deadly_venoms, kennysheep_mini,
          minmay_temple_entry_enclosed_plants, enter_bailey_3,
          amcnicky_mini_pool_medium

Skill      XL: |  1  2  3  4  5  6  7  8  9 |
---------------+----------------------------+-----
Axes           | 3 4 5 6 7 9 |  9.5
Fighting       | 4 5 6 7 9 |  9.2
Shields        | 4 5 7 8 |  8.4
Armour         | 4 5 6 8 |  8.3

Action                   |  1- 3 |  4- 6 |  7- 9 | 10-12 || total
-------------------------+-------+-------+-------+-------++-------
Melee: War axe           |   120 |   113 |   294 |    31 ||   558
  Use: Scroll            |       |    11 |     5 |       ||    16
       Potion            |       |     6 |     4 |     2 ||    12
Armor: Scale mail        |    24 |       |       |       ||    24
       Chain mail        |    48 |       |       |       ||    48
       Plate armour      |       |    92 |   203 |    22 ||   317
Dodge: Dodged            |    55 |    38 |    72 |     5 ||   170
Block: Buckler           |    38 |    27 |    87 |     9 ||   161

Table legend: (Time is in decaauts)
 A = Elapsed time spent in this place.
 B = Non-inter-level travel time spent in this place.
 C = Inter-level travel time spent in this place.
 D = Time resting spent in this place.
 E = Time spent auto-exploring this place.
 F = Levels seen in this place.
 G = Mean time per level.
                   A        B        C        D        E       F      G
               +--------+--------+--------+--------+--------+-----+--------+
         Total |   8085 |   7869 |    216 |   2364 |   4059 |   7 | 1155.0 |
       Dungeon |   8085 |   7869 |    216 |   2364 |   4059 |   7 | 1155.0 |
               +--------+--------+--------+--------+--------+-----+--------+

Top non-repeatable levels by time:
     D:5: 1788 daAuts
     D:6: 1493 daAuts
     D:3: 1143 daAuts
     D:7: 1088 daAuts
     D:4: 962 daAuts
     D:1: 821 daAuts
     D:2: 787 daAuts
